 Dungeon Crawl Stone Soup version 0.29-a0-322-g68df515428 (webtiles) character file.

Game seed: 5329021039099979737

1418 Cheivey the Shield-Bearer (level 8, -8/73 HPs)
             Began as a Minotaur Fighter on Apr 7, 2022.
             Was an Initiate of Gozag.
             Killed from afar by an electric eel (15 damage)
             ... with a bolt of electricity
             ... on level 6 of the Dungeon.
             The game lasted 00:06:56 (6094 turns).

Cheivey the Shield-Bearer (Minotaur Fighter)        Turns: 6094, Time: 00:06:57

Health: -8/73      AC: 12    Str: 23    XL:     8   Next: 43%
Magic:  7/7        EV: 14    Int:  5    God:    Gozag
Gold:   190        SH:  5    Dex: 12    Spells: 7/7 levels left

rFire   . . .      SeeInvis .   a - +2 war axe (vamp)
rCold   . . .      Faith    .   c - +0 buckler
rNeg    + . .      Spirit   .   b - +0 scale mail
rPois   .          Reflect  .   m - +1 hat
rElec   .          Harm     .   (no cloak)
rCorr   .          Rampage  .   r - +2 pair of gloves
Will    .....      Clarity  +   (no boots)
Stlth   ..........              l - amulet of magic regeneration
HPRegen 0.22/turn               g - +4 ring of evasion
MPRegen 0.50/turn               u - ring of positive energy

@: about to teleport
A: horns 2, retaliatory headbutt, clarity, strong 1, sturdy frame 1
a: Renounce Religion, Potion Petition, Call Merchant, Bribe Branch


You were on level 6 of the Dungeon.
You worshipped Gozag.
Gozag was aware of your devotion.
You visited 2 branches of the dungeon, and saw 7 of its levels.

You collected 329 gold pieces.
You paid 139 gold pieces to Gozag.

Inventory:

Hand Weapons
 a - a +2 vampiric war axe (weapon)
Armour
 b - a +0 scale mail (worn)
 c - a +0 buckler (worn)
 m - a +1 hat (worn)
 r - a +2 pair of gloves (worn)
Jewellery
 f - a ring of protection from fire
 g - a +4 ring of evasion (left hand)
 l - an amulet of magic regeneration (around neck)
 u - a ring of positive energy (right hand)
 v - a ring of ice
Wands
 e - a wand of polymorph (11)
Scrolls
 h - a scroll of amnesia
 o - a scroll of brand weapon
 s - 2 scrolls of torment
 x - 2 scrolls of teleportation
Potions
 d - 3 potions of might
 j - a potion of brilliance
 k - a potion of resistance {unknown}
 n - a potion of magic {unknown}
 p - 2 potions of mutation
 q - a potion of degeneration {unknown}
 t - a potion of haste {unknown}


   Skills:
 + Level 7.2 Fighting
 + Level 6.6 Axes
 + Level 7.2 Armour
 + Level 7.3 Shields


You had 7 spell levels left.
You didn't know any spells.
Your spell library contained the following spells:

 Spells                   Type           Power      Damage    Failure   Level
 Foxfire                  Conj/Fire      0%         2x1d4     75%         1
 Summon Small Mammal      Summ           0%         N/A       75%         1
 Call Canine Familiar     Summ           0%         N/A       98%         3
 Conjure Flame            Conj/Fire      0%         6-21      98%         3
 Dazzling Flash           Conj/Hex       0%         N/A       98%         3
 Inner Flame              Hex/Fire       0%         N/A       98%         3
 Ozocubu's Armour         Ice            0%         N/A       98%         3
 Summon Guardian Golem    Hex/Summ       0%         N/A       98%         3
 Flame Wave               Conj/Fire      0%         2d4       100%        4
 Iskenderun's Mystic Bla  Conj/Tloc      0%         2d3       100%        4
 Olgreb's Toxic Radiance  Pois           0%         N/A       100%        4
 Starburst                Conj/Fire      0%         6d3       100%        6
 Ozocubu's Refrigeration  Ice            0%         4d5       100%        7
 Ignition                 Fire           0%         3d3       100%        8


Dungeon Overview and Level Annotations

Branches:
Dungeon (6/15)             Temple (1/1) D:6

Altars:
Ashenzari
Cheibriados
Dithmenos
Elyvilon
Fedhas
Gozag
Hepliaklqana
Kikubaaqudgha
Makhleb
Okawaru
Qazlal
Ru
Sif Muna
Uskayaw
Vehumet
Wu Jian
Xom
Yredelemnul

Annotations:
D:5 1 runed translucent door, Crazy Yiuf
D:6 2 transporters


Innate Abilities, Weirdness & Mutations

You have a pair of horns on your head.
You reflexively headbutt those who attack you in melee.
You possess an exceptional clarity of mind.
Your muscles are strong. (Str +2)
Your movements are slightly less encumbered by armour. (ER -2)


Message History

The bolt of electricity hits you.
You hear a shout!
An orc wizard comes into view. It is wielding a +0 dagger.
The orc wizard shouts!
You hear a shout!
The electric eel shoots out a bolt of lightning at you!
The bolt of electricity hits you!
The orc wizard mumbles some strange words.
The orc wizard flickers and vanishes for a moment.
An orc priest comes into view. It is wielding a +0 club.
You miss the electric eel. You barely miss the electric eel.
An orc comes into view.
It is wielding a +0 dagger and wearing an orb of light.
The electric eel shoots out a bolt of lightning at you!
The bolt of electricity hits you!
Unknown command.
You barely miss the electric eel. You hit the electric eel.
The orc hits the plant with a +0 dagger.
The plant begins to die.
The electric eel shoots out a bolt of lightning at you!
The bolt of electricity hits you!
* * * LOW HITPOINT WARNING * * *
You slash the electric eel! Your headbutt misses the electric eel.
The electric eel is heavily wounded.
You slash the electric eel!
The orc splashes around in the water.
The electric eel shoots out a bolt of lightning at you!
The bolt of electricity hits you!
* * * LOW HITPOINT WARNING * * *
You hear a shout!
You feel better.
As you read the scroll of teleportation, it crumbles to dust.
You feel strangely unstable.
The electric eel shoots out a bolt of lightning at you!
The bolt of electricity hits you!
* * * LOW HITPOINT WARNING * * *
The electric eel shoots out a bolt of lightning at you!
The bolt of electricity hits you.
* * * LOW HITPOINT WARNING * * *
The electric eel shoots out a bolt of lightning at you!
The bolt of electricity hits you!
You die...
Your body crumbles into a pile of gold.

..# #.#
##.###.##
..## #.#
####.†#
...####
#.# ##.##
......#
#.# #..#
......#
##.##
......#
#..#
......#
#.##
#######
#.# #@#
#.# ♣SS#
oo≈♣
o≈≈≈P
≈≈≈≈≈♣#
≈PP≈≈P♣
.≈≈≈P≈P♣
.≈≈P≈≈≈≈≈


You could see 2 electric eels, an orc priest and an orc wizard (invisible).

Vanquished Creatures
  A water moccasin (D:6)
  An ice beast (D:5)
  A black bear (D:5)
  2 ogres
  A phantom (D:5)
  A bullfrog (D:6)
  A howler monkey (D:4)
  2 jellies
  7 orc priests
  A hound (D:5)
  6 orc wizards
  2 iguanas
  2 gnolls (D:6)
  6 adders
  2 white imps
  An ufetubus (D:5)
  4 dart slugs
  2 worms
  15 orcs
  13 ball pythons
  A bat (D:2)
  3 endoplasms
  4 giant cockroaches
  8 goblins
  5 hobgoblins
  3 jackals (D:3)
  6 quokkas
  3 frilled lizards
  9 kobolds
  4 rats
117 creatures vanquished.

Vanquished Creatures (collateral kills)
  A gnoll sergeant (D:6)
  2 gnolls (D:6)
3 creatures vanquished.

Vanquished Creatures (others)
  6 plants (D:6)
6 creatures vanquished.

Grand Total: 126 creatures vanquished

Notes
Turn   | Place    | Note
-------+----------+-------------------------------------------
     0 | D:1      | Cheivey the Minotaur Fighter began the quest for the Orb.
     0 | D:1      | Reached XP level 1. HP: 19/19 MP: 0/0
   360 | D:1      | Reached XP level 2. HP: 25/27 MP: 1/1
   938 | D:2      | Reached XP level 3. HP: 14/33 MP: 2/2
  1398 | D:2      | HP: 1/33 [something (3)]
  1400 | D:2      | Reached XP level 4. HP: 2/40 MP: 3/3
  1858 | D:2      | Found a faded altar of an unknown god.
  1892 | D:2      | Found an ornate altar of the Wu Jian Council.
  2880 | D:3      | Found a basalt altar of Yredelemnul.
  3278 | D:3      | Reached XP level 5. HP: 47/47 MP: 4/4
  3591 | D:3      | Gained mutation: You tend to lose your temper in combat.
                  | [potion of mutation]
  3591 | D:3      | Gained mutation: You have an increased reservoir of magic.
                  | (+10% MP) [potion of mutation]
  3592 | D:3      | Lost mutation: You have an increased reservoir of magic.
                  | (+10% MP) [potion of mutation]
  3592 | D:3      | Lost mutation: You tend to lose your temper in combat.
                  | [potion of mutation]
  3592 | D:3      | Gained mutation: Your movements are slightly less
                  | encumbered by armour. (ER -2) [potion of mutation]
  3592 | D:3      | Gained mutation: Your muscles are strong. (Str +2) [potion
                  | of mutation]
  3592 | D:3      | Gained mutation: You possess an exceptional clarity of
                  | mind. [potion of mutation]
  3699 | D:4      | Noticed an ogre
  3706 | D:4      | Killed an ogre
  3707 | D:4      | Reached skill level 5 in Fighting
  3707 | D:4      | Reached skill level 5 in Armour
  3707 | D:4      | Reached skill level 5 in Shields
  3784 | D:4      | Reached XP level 6. HP: 56/56 MP: 5/5
  4156 | D:4      | Reached XP level 7. HP: 62/62 MP: 6/6
  4282 | D:4      | Found a sacrificial altar of Ru.
  4314 | D:4      | Reached skill level 5 in Axes
  4563 | D:5      | Entered Level 5 of the Dungeon
  5133 | D:5      | Reached XP level 8. HP: 71/71 MP: 7/7
  5317 | D:5      | Found a runed translucent door.
  5318 | D:5      | Noticed Crazy Yiuf
  5736 | D:6      | Found a transporter.
  5740 | D:6      | Noticed a boulder beetle
  5742 | D:6      | Noticed a manticore
  5744 | D:6      | Found a transporter.
  5749 | D:6      | Noticed a troll
  5749 | D:6      | Noticed a white ugly thing
  5752 | D:6      | Found a shimmering blue altar of Sif Muna.
  5752 | D:6      | Found a stormy altar of Qazlal.
  5752 | D:6      | Found a shadowy altar of Dithmenos.
  5907 | D:6      | Found a staircase to the Ecumenical Temple.
  5936 | Temple   | Entered the Ecumenical Temple
  6029 | Temple   | Became a worshipper of Gozag Ym Sagoz the Greedy
  6094 | D:6      | Killed from afar by an electric eel

Illustrated notes

Levels and vault maps discovered:
D:1:      saegor_arrival_simple_e, layout_rooms
D:2:      minmay_chambers_of_ones, layout_basic, basic_altar,
          hellmonk_ecumenical_altar_leap_of_faith
D:3:      layout_loops_corners, mainiacjoe_overflow_24_doors,
          grunt_ministairs_14, kennysheep_generic_room_15
D:4:      layout_basic, nicolae_ru_path_of_blood, serial_park_tiny_pond
D:5:      layout_loops_corners, uniq_crazy_yiuf_cottage
D:6:      layout_basic, gammafunk_temple_overflow_arena, tso_altar,
          minmay_temple_entry_arrows, gammafunk_ghost_nasty_kobolds,
          serial_bayou_ford_a, st_stairs_3
Temple:   dshaligram_water_room_temple

Skill      XL: |  1  2  3  4  5  6  7  8 |
---------------+-------------------------+-----
Fighting       | 4 5 6 7 |  7.2
Axes           | 3 4 6 |  6.6
Armour         | 4 5 6 7 |  7.2
Shields        | 4 5 6 7 |  7.3

Action                   |  1- 3 |  4- 6 |  7- 9 || total
-------------------------+-------+-------+-------++-------
Melee: War axe           |    45 |   130 |    93 ||   268
       Headbutt          |     5 |    24 |    16 ||    45
  Use: Scroll            |       |     8 |     7 ||    15
       Potion            |       |     6 |     1 ||     7
Armor: Scale mail        |    21 |    53 |    31 ||   105
Dodge: Dodged            |    28 |    48 |    60 ||   136
Block: Buckler           |     5 |    33 |    16 ||    54

Table legend: (Time is in decaauts)
 A = Elapsed time spent in this place.
 B = Non-inter-level travel time spent in this place.
 C = Inter-level travel time spent in this place.
 D = Time resting spent in this place.
 E = Time spent auto-exploring this place.
 F = Levels seen in this place.
 G = Mean time per level.
                   A        B        C        D        E       F      G
               +--------+--------+--------+--------+--------+-----+--------+
         Total |   6190 |   5904 |    286 |   1031 |   3939 |   7 |  884.3 |
       Dungeon |   6083 |   5810 |    273 |   1031 |   3939 |   6 | 1013.8 |
        Temple |    106 |     93 |     13 |      0 |      0 |   1 |  106.0 |
               +--------+--------+--------+--------+--------+-----+--------+

Top non-repeatable levels by time:
     D:1: 1623 daAuts
     D:5: 1108 daAuts
     D:3: 1046 daAuts
     D:2: 1043 daAuts
     D:4: 929 daAuts
     D:6: 333 daAuts
  Temple: 106 daAuts
